 Dungeon Crawl Stone Soup version 0.26.1-15-g04117e645d (webtiles) character file.

Game seed: 7568915992875506896

373 Froggeryz the Cutter (level 6, -3/39 HPs)
             Began as an Octopode Brigand on Apr 9, 2022.
             Slain by Grinder (5 damage)
             ... while paralysed by Grinder
             ... on level 3 of the Dungeon.
             The game lasted 00:03:30 (2752 turns).

Froggeryz the Cutter (Octopode Brigand)             Turns: 2752, Time: 00:03:31

Health: -3/39      AC:  1    Str: 10    XL:     6   Next: 72%
Magic:  15/15      EV:  2    Int: 14    God:
Gold:   173        SH:  0    Dex: 15    Spells: 5/5 levels left

rFire    . . .     SeeInvis .   a - +2 dagger
rCold    . . .     Faith    .   (no shield)
rNeg     . . .     Spirit   .   (helmet restricted)
rPois    .         Reflect  .   (no amulet)
rElec    .         Harm     .   k - ring of magical power
rCorr    .         Rampage  .   (no ring)
Will     .....                  (no ring)
Stlth    ++++......             (no ring)
HPRegen  0.13/turn              (no ring)
MPRegen  0.14/turn              (no ring)
                                (no ring)
                                (no ring)

@: paralysed
A: almost no armour, stealthy swim, amphibious, 8 rings, constrict 8, camouflage
1, gelatinous body 1
a: no special abilities


You were on level 3 of the Dungeon.
You visited 1 branch of the dungeon, and saw 6 of its levels.

You collected 173 gold pieces.

Inventory:

Hand Weapons
 a - a +2 dagger (weapon)
Missiles
 b - 12 poisoned darts (quivered)
 c - 2 curare-tipped darts
 i - a throwing net
Jewellery
 k - a ring of magical power (left tentacle)
Scrolls
 d - 3 scrolls of identify {unknown}
 e - a scroll of random uselessness {unknown}
 f - a scroll of blinking {unknown}
 h - 2 scrolls of immolation {unknown}
 l - 2 scrolls of remove curse {unknown}
 m - 3 scrolls of magic mapping {unknown}
 n - a scroll of amnesia {unknown}
Potions
 g - 2 potions of cancellation {unknown}
 j - a potion of berserk rage {unknown}
 o - 2 potions of resistance {unknown}


   Skills:
 - Level 2.0 Fighting
 * Level 7.0 Short Blades
 - Level 2.0 Throwing
 - Level 1.0 Dodging
 - Level 5.3 Stealth


You had 5 spell levels left.
You didn't know any spells.
Your spell library was empty.

Dungeon Overview and Level Annotations

Branches:
Dungeon (6/15)
 Temple: D:4-7

Altars:

Annotations:
D:3 1 runed translucent door, Grinder
D:6 Pikel


Innate Abilities, Weirdness & Mutations

You cannot wear most types of armour.
You are very stealthy in the water. (Stealth+)
You are amphibious.
You can wear up to eight rings at the same time.
You can use your tentacles to constrict eight enemies at once.
Your skin changes colour to match your surroundings (Stealth+).
Your rubbery body absorbs attacks. (AC +1, EV +1)


Message History

You hit Grinder but do no damage.
Grinder is lightly wounded.
You constrict Grinder, but do no damage.
Grinder closely misses you.
You hit Grinder.
Grinder is moderately wounded.
You constrict Grinder. Grinder gestures at you.
You suddenly lose the ability to move!
You lose your grip on Grinder.
Grinder completely misses you. Grinder gestures at you.
Pain shoots through your body! Grinder hits you!
You writhe in agony.
* * * LOW HITPOINT WARNING * * *
Grinder hits you.
* * * LOW HITPOINT WARNING * * *
You writhe in agony.
* * * LOW HITPOINT WARNING * * *
Grinder hits you.
You die...

#..) #.# #... #.### #.
###...#####.... #.
#..........#### #.
#..........#
#.####..........# .
#>.............†# #.≈
#..5...#..##......
##+##..@...#.. #........
#..........#............
##.........+$###.#+#####
#.........# #.#
#..^......# ..
#.........# #....)....#
#.........# #.........#


You could see Grinder.

Vanquished Creatures
  An ice beast (D:6)
  A water moccasin skeleton (D:4)
  A howler monkey (D:4)
  2 hounds (D:4)
  7 gnolls
  An adder (D:4)
  2 oozes
  A worm (D:2)
  2 leopard geckos
  3 giant cockroaches
  6 goblins
  3 hobgoblins
  A jackal (D:2)
  A quokka (D:2)
  6 bats
  A frilled lizard (D:2)
  9 kobolds
  6 rats
54 creatures vanquished.

Notes
Turn   | Place    | Note
-------+----------+-------------------------------------------
     0 | D:1      | Froggeryz the Octopode Brigand began the quest for the Orb.
     0 | D:1      | Reached XP level 1. HP: 14/14 MP: 1/1
   132 | D:1      | Reached XP level 2. HP: 19/19 MP: 2/2
   301 | D:1      | Reached skill level 3 in Short Blades
   641 | D:2      | Reached XP level 3. HP: 22/24 MP: 3/3
  1501 | D:3      | Reached skill level 4 in Short Blades
  1764 | D:3      | Reached XP level 4. HP: 29/29 MP: 4/4
  2081 | D:3      | You fall into a shaft and drop 3 floors!
  2082 | D:6      | Noticed a sky beast
  2082 | D:6      | Noticed an ice beast
  2083 | D:6      | Killed an ice beast
  2084 | D:6      | Reached skill level 5 in Short Blades
  2084 | D:6      | Reached XP level 5. HP: 34/34 MP: 5/5
  2100 | D:6      | Noticed a lemure
  2102 | D:6      | Noticed Pikel
  2105 | D:5      | Entered Level 5 of the Dungeon
  2126 | D:5      | Reached skill level 6 in Short Blades
  2415 | D:4      | Reached XP level 6. HP: 39/39 MP: 6/6
  2654 | D:4      | Noticed a phantom
  2736 | D:3      | Found a runed translucent door.
  2739 | D:3      | Noticed Grinder
  2742 | D:3      | Reached skill level 7 in Short Blades
  2747 | D:3      | Paralysed by Grinder for 5 turns
  2751 | D:3      | HP: 1/39 [Grinder (6)]
  2752 | D:3      | Slain by Grinder

Illustrated notes

Levels and vault maps discovered:
D:1:      minmay_arrival_solitary_statue, layout_loops_cross
D:2:      layout_basic, minmay_quadrilaterals
D:3:      layout_basic, ebering_ghost_reflecting_pool, uniq_ijyb, uniq_terence,
          uniq_grinder
D:4:      minmay_recursive_quarters, layout_cave_pools, dancing_weapons_uskayaw,
          minmay_misc_feat_square, uniq_sigmund
D:5:      layout_rooms, old_standard_altar, temple_green, serial_corexii_hall,
          corexii_hall_statues_x, chequers_hall_statues_y,
          corexii_hall_statues_t, corexii_hall_statues_l, uniq_edmund,
          uniq_duvessa, uniq_blork_the_orc
D:6:      layout_cave_pools, grunt_gozag_statues, tgw_sif, uniq_pikel

Skill      XL: |  1  2  3  4  5  6 |
---------------+-------------------+-----
Short Blades   | 3 4 5 6 7 |  7.0
Fighting       | |  2.0
Throwing       | |  2.0
Dodging        | |  1.0
Stealth        | |  5.3

Action                   |  1- 3 |  4- 6 || total
-------------------------+-------+-------++-------
Melee: Dagger            |    55 |    57 ||   112
       Tentacles         |     9 |     9 ||    18
       Constrict         |     8 |    13 ||    21
 Stab: Sleeping          |    24 |     4 ||    28
Armor: Skin              |     1 |       ||     1
Dodge: Dodged            |    18 |    24 ||    42
